 Dungeon Crawl Stone Soup version 0.22-a0-247-gbddf880757 (webtiles) character file.

131422 marsu the Warrior (level 16, -1/163 HPs)
             Began as a Minotaur Berserker on Feb 23, 2018.
             Was the Champion of Trog.
             Succumbed to a naga ritualist's poison
             ... on level 4 of the Snake Pit on Feb 24, 2018.
             The game lasted 01:07:55 (29214 turns).

marsu the Warrior (Minotaur Berserker)             Turns: 29214, Time: 01:07:56

Health: -1/163     AC: 21    Str: 24    XL:     16   Next: 55%
Magic:  5/5        EV: 14    Int:  6    God:    Trog [******]
Gold:   463        SH: 14    Dex: 15    Spells: 15/15 levels left

rFire    + + .     SeeInvis .   i - +4 morningstar (antimagic)
rCold    + . .     Gourm    .   V - +1 shield {rF+} {rF+}
rNeg     . . .     Faith    .   A - +1 scale mail {rPois} {rPois}
rPois    .         Spirit   .   m - +2 hat
rElec    .         Reflect  .   d - +0 cloak
rCorr    .         Harm     .   u - +2 pair of gloves {archery} {Ranged Slay+4}
MR       +....                  K - +0 pair of boots
Stlth    ..........             R - amulet of regeneration
HPRegen  0.77/turn              F - ring of protection from fire
MPRegen  0.09/turn              I - ring "Roniox" {rC+ EV+3 Int+2}

@: lethally poisoned (-1 -> -105), poison vulnerable, berserk cooldown, very
slightly contaminated, slowed, very slow
A: retaliatory headbutt, horns 2
a: Berserk, Trog's Hand, Brothers in Arms, Renounce Religion


You were on level 4 of the Snake Pit.
You worshipped Trog.
Trog was exalted by your worship.
You were not hungry.

You visited 3 branches of the dungeon, and saw 24 of its levels.
You also visited: Ice Cave.

You collected 2263 gold pieces.
You spent 1800 gold pieces at shops.

Inventory:

Hand Weapons
 i - a +4 antimagic morningstar (weapon)
 B - the +1 eveningstar of Exoneration {crush, *Noise rElec Str-4 SInv}
   (Trog gifted it to you on level 5 of the Lair of Beasts)

   It inflicts extra damage upon your enemies.
   It affects your strength (-4).
   It insulates you from electricity.
   It lets you see invisible.
   It may make noises in combat.
 S - a +0 morningstar of protection
Missiles
 o - 9 javelins
 s - 5 throwing nets {=f}
 Q - 706 stones (quivered)
 W - 2 tomahawks
Armour
 d - a +0 cloak (worn)
 m - a +2 hat (worn)
 u - a +2 pair of gloves of archery (worn) {Ranged Slay+4}
 A - a +1 scale mail of poison resistance (worn) {rPois}
 E - a +0 plate armour
 K - a +0 pair of boots (worn)
 V - a +1 shield of fire resistance (worn) {rF+}
 Y - the cursed +0 scale mail "Jitzecw" {rC+ MR+ Str+3}
   (You found it on level 13 of the Dungeon)

   It affects your strength (+3).
   It protects you from cold.
   It affects your resistance to hostile enchantments.
   It has a curse placed upon it.
Jewellery
 C - an uncursed ring of resist corrosion
 F - a ring of protection from fire (left hand)
 I - the ring "Roniox" (right hand) {rC+ EV+3 Int+2}
   (You bought it in a shop on level 3 of the Snake Pit)

   [ring of evasion]

   It affects your evasion (+3).
   It affects your intelligence (+2).
   It protects you from cold.
 R - an amulet of regeneration (around neck)
Wands
 a - a wand of scattershot (13)
 y - a wand of paralysis (10)
 D - a wand of digging (9)
 H - a wand of iceblast (9)
Scrolls
 e - 4 scrolls of fear
 f - 5 scrolls of fog
 h - 18 scrolls of teleportation
 l - 20 scrolls of remove curse
 n - 5 scrolls of immolation {!r}
 p - 6 scrolls of blinking {!r}
 x - 4 scrolls of magic mapping {!r}
 z - 5 scrolls of enchant armour
 J - 4 scrolls of enchant weapon
 N - a scroll of brand weapon
 P - a scroll of summoning
Potions
 b - a potion of resistance
 g - 5 potions of berserk rage {!q}
 j - 5 potions of haste
 k - a potion of flight
 r - 4 potions of magic
 t - 5 potions of heal wounds
 L - 3 potions of cancellation
 M - 10 potions of curing
 O - 3 potions of brilliance
 T - 8 potions of lignification {!q}
 X - 2 potions of mutation {!q}
 Z - 2 potions of invisibility
Miscellaneous
 U - a lamp of fire
Comestibles
 c - 38 rations
 q - 4 chunks of flesh


   Skills:
 + Level 20.2 Fighting
 - Level 16.0 Maces & Flails
 - Level 19.0 Armour
 - Level 2.1 Dodging
 * Level 12.9 Shields


You had 15 spell levels left.
You didn't know any spells.

Dungeon Overview and Level Annotations

Branches:
Dungeon (14/15)            Temple (0/1) D:7            Lair (6/6) D:11
 Shoals (0/4) Lair:2        Snake (4/4) Lair:2        Slime (0/5) Lair:5
    Orc (0/2) D:9
 Vaults: D:13-14

Altars:
Ashenzari
Dithmenos
Fedhas
Gozag
Ru
Sif Muna
Trog
Uskayaw
Vehumet
Wu Jian
Xom
The Shining One

Shops:
D:6 =   D:8 ?[?}*   Snake:3 ==}   Snake:4 }

Annotations:
D:8 exclusion: statue
D:14 Frances


Innate Abilities, Weirdness & Mutations

You reflexively headbutt those who attack you in melee.
You have a pair of horns on your head.


Message History

You feel yourself slow down.
* * * LOW HITPOINT WARNING * * *
You feel very sick. The black mamba barely misses you.
The naga hits you with a battleaxe.
* * * LOW HITPOINT WARNING * * *
The black mamba completely misses you. You furiously retaliate!
You headbutt the black mamba, but do no damage.
You block the anaconda's attack. You block the naga warrior's attack.
The naga ritualist hits you with a dagger of venom.
* * * LOW HITPOINT WARNING * * *
You are more poisoned.
* * * LOW HITPOINT WARNING * * *
The naga ritualist constricts you.
You now have 13/163 hp.
Really read
p - 7 scrolls of blinking {!r}?
Blink to where?
You escape the naga ritualist's grasp.
You are very lightly contaminated with residual magic.
As you read the scroll of blinking {!r}, it crumbles to dust.
You die...

..# #..†..##.....#. #.#
#...#..N.# . #.#
###NSS†..#### S## #.#
##SSNN....# #N# #.#
###§SN.##.###)# #####†####
##.NNN..#.....S#
#...$(...###..#..........NS
#...###............########
#...'∩#...@####....#
.....###...## #....#
............# #.####
##.........## #.#
##........# .# ##.....###
...###. .## ##


You could see 2 naga warriors, a nagaraja, an anaconda and 2 nagas.

Vault maps used:
D:1:      dpeg_arrival_rhombus
D:3:      tgw_trog, gammafunk_temple_overflow_forgotten, uniq_ijyb
D:4:      nrook_loot_triangle
D:5:      cheibrodos_iron_armory, first_ration
D:6:      serial_co_window_serial, co_window_paths_a, co_window_corner_a,
          co_window_paths_b, co_window_paths_a, co_window_of_opportunity_a,
          co_window_corner_a, co_window_paths_b, co_window_broadway_a,
          co_window_unsneaky_path_d, co_window_2corner,
          co_window_unsneaky_path_b, co_window_of_opportunity_c,
          co_window_broadway_a, glass_columns_b, glass_columns_c,
          glass_columns_a, serial_shops, shop
D:7:      gammafunk_temple_overflow_pools, temple_hall, amethyst_killhole,
          grunt_ogre_cave, hangedman_misty_isle, uniq_duvessa, uniq_pikel,
          uniq_menkaure
D:8:      old_standard_altar, nicolae_gozag_seed_capital, vehumet_statue,
          serial_shops, shop, shop_scrolls, shop, kennysheep_little_box,
          nicolae_shop_window_shopping, uniq_grum
D:9:      orc_0_dummy
D:10:     kennysheep_seaside_town, serial_gnoll_camp, gnoll_camp_mini_doghouse,
          gnoll_camp_mini_loothouse, gnoll_camp_mini_house,
          gnoll_camp_huts_basic
D:11:     david_lair_generic, jmf_multi_god_temple2
D:12:     basic_altar, uniq_rupert, uniq_azrael
D:13:     kennysheep_blocky_room, portal_ice_cave_demonic_guard, wad_scary_box
D:14:     evilmike_library_of_no_secrets, erik_vaults_2, lab_entry_generic,
          serial_glass, glass_columns_c, glass_columns_c, glass_columns_b,
          glass_columns_b, glass_columns_b, glass_columns_a, glass_columns_c,
          glass_columns_a, uniq_frances
Lair:1:   cheibrodos_lair_lostbears
Lair:2:   minmay_shoals_entry_hut, guppyfry_snake_entry_island,
          hibernation_bobbens
Lair:3:   grunt_megastairs_5, lemuel_fruit_tree, uniq_fannar
Lair:4:   lemuel_reptile_caves, infiniplex_staircase_pool_2
Lair:5:   slime_dummy, st_stairs_6
Lair:6:   hangedman_lair_tendril_chambers
Snake:1:  uniq_aizul, uniq_kirke
Snake:2:  grunt_ministairs_7
Snake:3:  nrook_guardian_serpent_double, serial_bayou_shore_a,
          grunt_megastairs_1, minmay_shop_grove
Snake:4:  johnstein_snake_rune_scales, serial_shops,
          nicolae_shop_window_shopping
IceCv:    ice_cave_statue_garden_teleport

Notes
Turn   | Place    | Note
-------+----------+-------------------------------------------
     0 | D:1      | marsu the Minotaur Berserker began the quest for the Orb.
     0 | D:1      | Reached XP level 1. HP: 19/19 MP: 0/0
   110 | D:1      | Reached skill level 4 in Maces & Flails
   299 | D:1      | Reached XP level 2. HP: 26/26 MP: 1/1
   563 | D:1      | Identified a ring of resist corrosion (You found it on level 1 of the Dungeon)
   759 | D:1      | Reached skill level 5 in Maces & Flails
  1123 | D:2      | Reached XP level 3. HP: 27/31 MP: 2/2
  1174 | D:2      | Reached skill level 6 in Maces & Flails
  1174 | D:2      | Reached XP level 4. HP: 39/39 MP: 3/3
  1730 | D:2      | Identified a +0 ring mail (You found it on level 2 of the Dungeon)
  1864 | D:2      | Reached ** piety under Trog
  2090 | D:3      | Noticed Ijyb
  2103 | D:3      | Killed Ijyb
  2103 | D:3      | Reached skill level 7 in Maces & Flails
  2103 | D:3      | Reached XP level 5. HP: 45/45 MP: 4/4
  2335 | D:3      | Identified a +2 pair of gloves of archery (You found it on level 3 of the Dungeon)
  2565 | D:3      | Found a deep blue altar of Sif Muna.
  2565 | D:3      | Found a blossoming altar of Fedhas.
  2566 | D:3      | Found a shadowy altar of Dithmenos.
  2630 | D:3      | Noticed a phantom
  2663 | D:3      | Killed a phantom
  2663 | D:3      | Reached skill level 8 in Maces & Flails
  2663 | D:3      | Reached XP level 6. HP: 33/51 MP: 5/5
  2787 | D:3      | Noticed a moth of wrath
  2790 | D:3      | Found a bloodstained altar of Trog.
  2996 | D:4      | Noticed motoroller71's ghost (amateur HuFi)
  3008 | D:4      | Killed motoroller71's ghost
  3008 | D:4      | Reached skill level 9 in Maces & Flails
  3008 | D:4      | Reached XP level 7. HP: 57/57 MP: 6/6
  3076 | D:4      | Reached skill level 10 in Maces & Flails
  3083 | D:4      | Identified a +0 flail (You took it off an orc on level 4 of the Dungeon)
  3123 | D:4      | Identified a +0 scale mail (You took it off an orc on level 4 of the Dungeon)
  3312 | D:5      | Entered Level 5 of the Dungeon
  3400 | D:4      | Reached *** piety under Trog
  3492 | D:5      | Reached skill level 11 in Maces & Flails
  3649 | D:5      | Reached XP level 8. HP: 47/64 MP: 7/7
  4217 | D:6      | Found Caeq's Jewellery Shoppe.
  4232 | D:6      | Reached skill level 12 in Maces & Flails
  4243 | D:6      | Reached **** piety under Trog
  4637 | D:6      | Reached skill level 13 in Maces & Flails
  4998 | D:6      | Identified a +0 pair of boots (You found it on level 6 of the Dungeon)
  5607 | D:7      | Reached XP level 9. HP: 23/70 MP: 8/8
  5833 | D:7      | Reached skill level 14 in Maces & Flails
  5938 | D:7      | Noticed Dowan
  5941 | D:7      | Noticed Duvessa
  5943 | D:7      | Noticed Pikel
  5946 | D:7      | Killed Duvessa
  5950 | D:7      | Killed Dowan
  5974 | D:7      | Killed Pikel
  5974 | D:7      | Reached skill level 15 in Maces & Flails
  6106 | D:7      | Identified a +1 flail of protection (You took it off an orc on level 7 of the Dungeon)
  6168 | D:7      | Reached skill level 4 in Fighting
  6168 | D:7      | Reached skill level 3 in Armour
  6289 | D:7      | Found a staircase to the Ecumenical Temple.
  6302 | D:7      | Noticed Menkaure
  6310 | D:7      | Killed Menkaure
  6379 | D:7      | Found an ornate altar of the Wu Jian Council.
  6379 | D:7      | Found a glowing golden altar of the Shining One.
  6574 | D:7      | Reached skill level 5 in Fighting
  6574 | D:7      | Reached skill level 4 in Armour
  6580 | D:7      | Identified +0 steam dragon scales
  6586 | D:7      | Reached skill level 5 in Armour
  6700 | D:7      | Reached skill level 6 in Fighting
  7015 | D:7      | Identified a ring of protection from fire (You found it on level 7 of the Dungeon)
  7027 | D:8      | Noticed a two-headed ogre
  7031 | D:8      | Noticed a two-headed ogre
  7139 | D:8      | Reached XP level 10. HP: 60/84 MP: 9/9
  7192 | D:8      | Found Gocvanui's Magic Scroll Shop.
  7193 | D:8      | Noticed Grum
  7201 | D:8      | Reached skill level 6 in Armour
  7205 | D:8      | Killed Grum
  7257 | D:8      | Bought a scroll of identify for 24 gold pieces
  7257 | D:8      | Bought a scroll of magic mapping for 42 gold pieces
  7257 | D:8      | Bought a scroll of remove curse for 36 gold pieces
  7257 | D:8      | Bought a scroll of teleportation for 36 gold pieces
  7257 | D:8      | Bought a scroll of teleportation for 36 gold pieces
  7257 | D:8      | Bought 3 scrolls of blinking for 270 gold pieces
  7264 | D:8      | Found Siloxtop's Armour Emporium.
  7273 | D:8      | Reached skill level 7 in Fighting
  7282 | D:8      | Killed a two-headed ogre
  7282 | D:8      | Reached skill level 7 in Armour
  7285 | D:8      | Killed a two-headed ogre
  7285 | D:8      | Reached skill level 8 in Fighting
  7285 | D:8      | Reached skill level 8 in Armour
  7543 | D:8      | Found an opulent altar of Gozag.
  7613 | D:8      | Found Wadaon's Magic Scroll Boutique.
  7654 | D:8      | Identified 2 potions of curing
  7655 | D:8      | Identified 3 potions of degeneration
  7656 | D:8      | Identified 4 potions of haste
  7657 | D:8      | Identified 5 potions of heal wounds
  7658 | D:8      | Identified 4 potions of lignification
  7659 | D:8      | Identified 2 potions of cancellation
  7660 | D:8      | Identified 2 potions of invisibility
  7662 | D:8      | Found a radiant altar of Vehumet.
  7728 | D:8      | Found Binaif's Gadget Shop.
  7812 | D:8      | Found a shattered altar of Ashenzari.
  7823 | D:8      | Reached skill level 9 in Fighting
  7891 | D:8      | Found Eremubua's Assorted Antiques.
  8035 | D:8      | Noticed a two-headed ogre
  8041 | D:8      | Killed a two-headed ogre
  8041 | D:8      | Reached skill level 9 in Armour
  8450 | D:9      | Noticed a two-headed ogre
  8461 | D:9      | Killed a two-headed ogre
  8463 | D:9      | Reached ***** piety under Trog
  8463 | D:9      | Reached skill level 10 in Fighting
  8463 | D:9      | Reached XP level 11. HP: 99/99 MP: 10/10
  8477 | D:9      | Reached skill level 10 in Armour
  8861 | D:9      | Identified 2 scrolls of enchant armour
  8862 | D:9      | Identified 4 scrolls of fear
  8863 | D:9      | Identified 2 potions of berserk rage
  9209 | D:9      | Identified a scroll of brand weapon
  9409 | D:9      | Found a staircase to the Orcish Mines.
  9496 | D:10     | Entered Level 10 of the Dungeon
  9536 | D:10     | Reached skill level 11 in Fighting
  9556 | D:10     | Received a gift from Trog
  9560 | D:10     | Got a brightly glowing dire flail {god gift}
  9569 | D:10     | Identified the +9 dire flail "Bigasiuk" {distort, rC+ Int+3 Stlth-} (Trog gifted it to you on level 10 of the Dungeon)
  9889 | D:10     | Reached skill level 11 in Armour
 10883 | D:10     | Reached skill level 12 in Fighting
 10958 | D:10     | Got an ancient trident
 11164 | D:11     | Noticed a four-headed hydra
 11171 | D:11     | Killed a four-headed hydra
 11171 | D:11     | Reached skill level 12 in Armour
 11251 | D:11     | Identified a +0 troll leather armour
 11258 | D:11     | Received a gift from Trog
 11264 | D:11     | Killed an unseen horror
 11264 | D:11     | Reached XP level 12. HP: 58/113 MP: 11/11
 11697 | D:11     | Found a large runed door.
 11698 | D:11     | Found a large runed door.
 11752 | D:11     | Identified a potion of brilliance
 11753 | D:11     | Identified 2 potions of magic
 11754 | D:11     | Identified a scroll of random uselessness
 11784 | D:11     | Reached skill level 13 in Fighting
 11824 | D:11     | Found a staircase to the Lair.
 11824 | D:11     | Noticed a death yak
 11872 | D:11     | Killed a death yak
 11872 | D:11     | Reached skill level 13 in Armour
 12415 | D:11     | Found a shimmering altar of Xom.
 12415 | D:11     | Noticed a frost giant
 12428 | D:11     | Found a hide-covered altar of Uskayaw.
 12428 | D:11     | Noticed a yaktaur captain
 12443 | D:11     | Killed a yaktaur captain
 12736 | D:11     | HP: 28/115 [frost giant/bolt of cold (3)]
 12737 | D:11     | HP: 12/115 [frost giant/bolt of cold (17)]
 12738 | D:11     | Killed a frost giant
 13120 | Lair:1   | Entered Level 1 of the Lair of Beasts
 13200 | Lair:1   | Reached skill level 14 in Fighting
 13682 | Lair:1   | Reached skill level 14 in Armour
 13931 | Lair:1   | Identified a ring of protection from cold (You found it on level 1 of the Lair of Beasts)
 14621 | Lair:2   | Found a staircase to the Shoals.
 14726 | Lair:2   | Found a staircase to the Snake Pit.
 15114 | Lair:3   | Reached skill level 15 in Fighting
 15114 | Lair:3   | Reached XP level 13. HP: 73/126 MP: 12/12
 15708 | Lair:3   | Reached skill level 15 in Armour
 15755 | Lair:3   | Identified an amulet of magic regeneration (You found it on level 3 of the Lair of Beasts)
 15917 | Lair:3   | Identified a +0 chain mail (You found it on level 3 of the Lair of Beasts)
 15918 | Lair:3   | Identified 2 potions of mutation
 16147 | Lair:3   | Noticed Fannar
 16470 | Lair:3   | Killed Fannar
 16842 | Lair:4   | Identified a +0 plate armour (You found it on level 4 of the Lair of Beasts)
 17259 | Lair:4   | Identified 2 scrolls of torment
 17260 | Lair:4   | Identified 2 scrolls of immolation
 17628 | Lair:4   | Identified 2 scrolls of noise
 17651 | Lair:4   | Reached ****** piety under Trog
 18093 | Lair:4   | Identified 4 scrolls of fog
 18094 | Lair:4   | Identified 3 scrolls of amnesia
 18156 | Lair:5   | Identified a potion of flight
 18249 | Lair:5   | Reached skill level 16 in Fighting
 18279 | Lair:5   | Reached skill level 16 in Armour
 18467 | Lair:5   | Identified a +2 hat (You found it on level 5 of the Lair of Beasts)
 18740 | Lair:5   | Identified a +1 pair of gloves (You found it on level 5 of the Lair of Beasts)
 18808 | Lair:5   | Found a staircase to the Slime Pits.
 19202 | Lair:5   | Identified an amulet of regeneration (You found it on level 5 of the Lair of Beasts)
 19243 | Lair:6   | Entered Level 6 of the Lair of Beasts
 19255 | Lair:6   | Received a gift from Trog
 19498 | Lair:5   | Received a gift from Trog
 19508 | Lair:5   | Got a dazzling eveningstar {god gift}
 19605 | Lair:5   | Identified the +1 eveningstar of Exoneration {crush, *Noise rElec Str-4 SInv} (Trog gifted it to you on level 5 of the Lair of Beasts)
 19961 | Lair:5   | Reached skill level 17 in Fighting
 19961 | Lair:5   | Reached XP level 14. HP: 135/140 MP: 13/13
 20179 | Lair:6   | Reached skill level 17 in Armour
 20583 | Lair:6   | Identified a ring of teleportation (You found it on level 6 of the Lair of Beasts)
 20667 | Lair:6   | HP: 35/140 [poisoned by a water moccasin]
 20672 | Lair:6   | HP: 27/140 [poisoned by a water moccasin]
 20677 | Lair:6   | HP: 23/140 [poisoned by a water moccasin]
 20682 | Lair:6   | HP: 21/140 [poisoned by a water moccasin]
 20687 | Lair:6   | HP: 20/140 [poisoned by a water moccasin]
 20692 | Lair:6   | HP: 21/140 [poisoned by a water moccasin]
 20697 | Lair:6   | HP: 23/140 [poisoned by a water moccasin]
 20704 | Lair:6   | HP: 26/140 [poisoned by a water moccasin]
 20712 | Lair:6   | HP: 30/140 [poisoned by a water moccasin]
 21113 | Lair:6   | Identified 2 scrolls of enchant weapon
 21155 | Lair:6   | Got a faintly glowing ring mail
 21188 | Lair:6   | Identified 2 scrolls of summoning
 21744 | D:12     | Found a sacrificial altar of Ru.
 21754 | D:12     | Noticed Azrael
 21759 | D:12     | Killed Azrael
 21759 | D:12     | Reached skill level 16 in Maces & Flails
 21824 | D:12     | Received a gift from Trog
 21827 | D:12     | Noticed Rupert
 21830 | D:12     | Paralysed by Rupert for 5 turns
 21840 | D:12     | Paralysed by Rupert for 2 turns
 21840 | D:12     | Killed Rupert
 21950 | D:12     | Identified a scroll of vulnerability
 21951 | D:12     | Identified a scroll of holy word
 22204 | D:12     | Identified the +4 ring mail of Zin's Pride {-Tele Str+6 Int+2} (You found it on level 6 of the Lair of Beasts)
 22207 | D:12     | Identified a ring of wizardry (You found it on level 6 of the Lair of Beasts)
 22614 | D:13     | Found a frozen archway.
 22689 | IceCv    | Entered an ice cave
 22703 | IceCv    | Found a transporter.
 22737 | IceCv    | Identified Queger's Disquisition on the Voyage and the Mountains
 22884 | D:13     | Reached skill level 18 in Fighting
 23037 | D:13     | Reached skill level 18 in Armour
 23062 | D:13     | Paralysed by a great orb of eyes for 6 turns
 23395 | D:13     | HP: 2/144 [ogre mage/crystal spear (52)]
 23764 | D:13     | Got a scorched scale mail
 23781 | D:13     | Identified a ring of stealth (You found it in an ice cave)
 23783 | D:13     | Identified a ring of loudness (You found it in an ice cave)
 23791 | D:13     | Identified the cursed +0 scale mail "Jitzecw" {rC+ MR+ Str+3} (You found it on level 13 of the Dungeon)
 23815 | D:14     | Reached XP level 15. HP: 136/150 MP: 14/14
 23867 | D:14     | HP: 45/225 [centaur warrior/arrow (16)]
 23872 | D:14     | HP: 29/150 [centaur warrior (4)]
 23874 | D:14     | HP: 14/150 [centaur warrior (9)]
 23878 | D:14     | Noticed Frances
 23882 | D:14     | HP: 37/150 [rakshasa/trident (2)]
 23888 | D:14     | HP: 36/150 [rakshasa/trident (4)]
 24156 | D:8      | Bought a +1 scale mail of poison resistance for 208 gold pieces
 24161 | D:8      | Identified a +0 cloak (You found it on level 13 of the Dungeon)
 24294 | Snake:1  | Entered Level 1 of the Snake Pit
 24633 | Snake:1  | Identified a +1 shield of fire resistance (You found it on level 10 of the Dungeon)
 24794 | Snake:1  | Reached skill level 1 in Shields
 24796 | Snake:1  | Noticed Kirke
 24798 | Snake:1  | Reached skill level 2 in Shields
 24802 | Snake:1  | HP: 37/151 [anaconda (3)]
 24805 | Snake:1  | HP: 17/151 [anaconda (3)]
 24812 | Snake:1  | HP: 20/151 [poisoned by a naga warrior (splash of poison)]
 24819 | Snake:1  | HP: 25/151 [poisoned by a naga warrior (splash of poison)]
 24873 | Snake:1  | Received a gift from Trog
 24915 | Snake:1  | Killed Kirke
 24915 | Snake:1  | Reached skill level 3 in Shields
 25233 | Snake:1  | Reached skill level 4 in Shields
 25273 | Snake:1  | Noticed Aizul
 25291 | Snake:1  | Killed Aizul
 25350 | Snake:1  | Reached skill level 5 in Shields
 25485 | Snake:1  | Reached skill level 19 in Fighting
 26131 | Snake:2  | Reached skill level 6 in Shields
 26263 | Snake:2  | Reached skill level 19 in Armour
 26374 | Snake:2  | Identified a potion of agility
 26468 | Snake:2  | Identified a potion of resistance
 26515 | Snake:2  | Reached skill level 7 in Shields
 26662 | Snake:2  | Noticed a nagaraja
 26696 | Snake:2  | Killed a nagaraja
 26779 | Snake:2  | Reached skill level 8 in Shields
 27027 | Snake:2  | Reached skill level 9 in Shields
 27438 | Snake:3  | Reached skill level 10 in Shields
 27438 | Snake:3  | Reached XP level 16. HP: 142/161 MP: 15/15
 27473 | Snake:3  | Received a gift from Trog
 27676 | Snake:3  | Identified a +4 antimagic morningstar (Trog gifted it to you on level 3 of the Snake Pit)
 27833 | Snake:3  | Reached skill level 11 in Shields
 27992 | Snake:3  | Identified an amulet of guardian spirit (You took it off a naga ritualist on level 1 of the Snake Pit)
 28182 | Snake:3  | Found Aviloew's Gadget Emporium.
 28182 | Snake:3  | Found Tezxiu's Jewellery Shop.
 28183 | Snake:3  | Found Unih's Jewellery Shop.
 28188 | Snake:3  | Bought the ring "Roniox" {rC+ EV+3 Int+2} for 784 gold pieces
 28207 | Snake:3  | Bought a wand of digging (9) for 364 gold pieces
 28260 | Snake:4  | Entered Level 4 of the Snake Pit
 28384 | Snake:3  | Identified a +2 shield (You took it off a naga warrior on level 3 of the Snake Pit)
 28498 | Snake:4  | Reached skill level 20 in Fighting
 28572 | Snake:4  | Reached skill level 12 in Shields
 28813 | Snake:4  | HP: 30/162 [anaconda (11)]
 28816 | Snake:4  | HP: 13/162 [anaconda (14)]
 28990 | Snake:4  | Found Bourazea's Gadget Shoppe.
 29037 | Snake:3  | Received a gift from Trog
 29211 | Snake:4  | HP: 58/244 [anaconda (6)]
 29213 | Snake:4  | HP: 25/163 [poisoned by a naga ritualist (toxic radiance)]
 29214 | Snake:4  | Succumbed to a naga ritualist's poison

Table legend:
 A = Turns spent in this place as a percentage of turns spent in the entire game.
 B = Non-inter-level travel turns spent in this place as a percentage of non-inter-level travel turns spent in the entire game.
 C = Inter-level travel turns spent in this place as a percentage of turns spent in this place.
 D = Turns resting spent in this place as a percentage of non-inter-level travel turns spent in this place.
 E = Turns spent auto-exploring this place as a percentage of non-inter-level travel turns spent in this place.
 F = Non-inter-level travel turns spent in this place divided by the number of levels of this place that you've seen.
                   A       B       C       D       E      F
               +-------+-------+-------+-------+-------+----------------------
         Total | 100.0 | 100.0 |   5.1 |  27.4 |  49.6 | 1109.1
       Dungeon |  54.1 |  54.4 |   4.6 |  27.3 |  50.8 | 1077.3
          Lair |  29.4 |  28.7 |   7.3 |  23.9 |  54.9 | 1327.8
     Snake Pit |  16.2 |  16.6 |   2.7 |  34.1 |  37.4 | 1153.0
      Ice Cave |   0.2 |   0.2 |   0.0 |   0.0 |   0.0 |  66.0
               +-------+-------+-------+-------+-------+----------------------

Table legend:
 A = Kills in this place as a percentage of kills in entire the game.
 B = Kills by you in this place as a percentage of kills by you in the entire game.
 C = Kills by friends in this place as a percentage of kills by friends in the entire game.
 D = Other kills in this place as a percentage of other kills in the entire game.
 E = Experience gained in this place as a percentage of experience gained in the entire game.
 F = Experience gained in this place divided by the number of levels of this place that you have seen.
                   A       B       C       D       E      F
               +-------+-------+-------+-------+-------+----------------------
         Total | 100.0 | 100.0 | 100.0 | 100.0 | 100.0 | 7509.9
       Dungeon |  56.4 |  57.2 |  22.2 |  50.0 |  30.2 | 4046.1
          Lair |  23.2 |  23.4 |   0.0 |  50.0 |  25.6 | 8001.3
     Snake Pit |  19.2 |  19.1 |  33.3 |   0.0 |  43.4 | 20367.0
      Ice Cave |   1.2 |   0.3 |  44.4 |   0.0 |   0.9 | 1626.0
               +-------+-------+-------+-------+-------+----------------------

Skill      XL: |  1  2  3  4  5  6  7  8  9 10 11 12 13 14 15 16 |
---------------+-------------------------------------------------+-----
Maces & Flails | 4 5 6 7 8 9 11 13 15 16 | 16.0
Fighting       | 6 10 12 15 17 18 19 20 | 20.2
Armour         | 5 9 12 14 16 18 19 | 19.0
Shields        | 10 12 | 12.9
Dodging        | |  2.1

Action                   |  1- 3 |  4- 6 |  7- 9 | 10-12 | 13-15 | 16-18 || total
-------------------------+-------+-------+-------+-------+-------+-------++-------
Melee: Mace              |    56 |   126 |    14 |       |       |       ||   196
       Headbutt          |     3 |    20 |    76 |   140 |   240 |    77 ||   556
       Flail             |       |       |   303 |   237 |       |       ||   540
       Dire flail        |       |       |       |   340 |   300 |       ||   640
       Eveningstar       |       |       |       |       |   884 |    67 ||   951
       Unarmed           |       |       |       |       |     1 |       ||     1
       Morningstar       |       |       |       |       |       |   228 ||   228
Invok: Berserk           |     1 |     2 |     8 |     9 |    14 |     5 ||    39
       Brothers in Arms  |       |       |       |       |     3 |     1 ||     4
Evoke: Wand              |       |       |       |     3 |     9 |       ||    12
       Lamp of fire      |       |       |       |       |     1 |       ||     1
  Use: Scroll            |       |       |       |    14 |    22 |     2 ||    38
       Potion            |       |       |       |       |     2 |     4 ||     6
 Stab: Distracted        |       |       |       |       |     1 |       ||     1
  Eat: Chunk             |     1 |     8 |    21 |    23 |    24 |     4 ||    81
       Ration            |       |       |       |     4 |     8 |     2 ||    14
Armor: Animal skin       |    10 |     2 |       |       |       |       ||    12
       Ring mail         |       |    28 |     2 |       |       |       ||    30
       Scale mail        |       |       |   132 |   205 |   154 |   116 ||   607
       Plate armour      |       |       |       |       |   531 |       ||   531
       Chain mail        |       |       |       |       |    10 |       ||    10
Dodge: Dodged            |    39 |    52 |   110 |   186 |   410 |   134 ||   931
Block: Shield            |       |       |       |       |   190 |   267 ||   457

Vanquished Creatures
  Kirke (Snake:1)
  A frost giant (D:11)
  2 nagarajas
  Aizul (Snake:1)
  Azrael (D:12)
  A great orb of eyes (D:13)
  A deep elf high priest (D:13)
  Fannar (Lair:3)
  A yaktaur captain (D:11)
  9 naga warriors
  2 hydras
  11 anacondas
  2 centaur warriors
  6 two-headed ogres
  An ogre mage (D:13)
  A tengu warrior (D:13)
  6 death yaks
  3 shock serpents
  6 naga sharpshooters
  A salamander mystic (Snake:4)
  4 unseen horrors
  A flayed ghost (D:13)
  2 sea snakes (Snake:3)
  4 naga ritualists
  3 deep elf magi
  8 mana vipers
  2 wolf spiders (Lair:6)
  Pikel (D:7)
  9 salamanders
  5 ugly things
  A cyclops (D:12)
  A centaur zombie (D:11)
  9 elephants
  44 black mambas
  5 guardian serpents
  19 naga magi
  4 centaur skeletons
  A gargoyle (D:10)
  15 spiny frogs
  A rime drake (Lair:4)
  7 komodo dragons
  2 ice devils (D:13)
  3 trolls
  3 polar bears (Lair:1)
  The ghost of motoroller71 the Cutter, an amateur HuFi (D:4)
  3 hornets
  5 dream sheep (Lair:6)
  9 hippogriffs
  A redback (Lair:6)
  3 shadows
  43 yaks
  Grum (D:8)
  10 wyverns
  6 basilisks
  2 hogs (Snake:1)
  A steam dragon (D:7)
  2 fire elementals (D:12)
  4 vampire mosquitoes
  3 hungry ghosts
  Menkaure (D:7)
  2 insubstantial wisps (D:7)
  A soldier ant (D:11)
  36 nagas
  An acid dragon (D:13)
  Duvessa (D:7)
  6 hell hounds (D:12)
  8 porcupines
  36 water moccasins
  3 orc warriors
  3 phantoms
  9 sky beasts
  A black bear (Lair:5)
  4 slaves (D:7)
  6 ice beasts
  11 ogres
  12 wolves
  6 centaurs
  12 crocodiles
  10 bullfrogs
  4 big kobolds
  3 gnoll sergeants
  Dowan (D:7)
  A wyvern skeleton (D:12)
  6 killer bees (D:13)
  4 scorpions
  6 wights
  6 howler monkeys
  7 crimson imps
  2 bullfrog zombies
  2 jellies
  2 quasits
  7 hounds
  7 orc priests
  6 gnoll shamans (D:10)
  19 orc wizards
  2 bullfrog skeletons
  Ijyb (D:3)
  7 iguanas
  11 worker ants
  2 hound zombies
  A worker ant zombie (D:10)
  29 gnolls
  A howler monkey skeleton (D:7)
  26 adders
  A shadow imp (D:11)
  4 worms
  3 dart slugs
  6 leopard geckos
  60 orcs
  2 ball pythons
  7 giant cockroaches
  7 goblins
  6 hobgoblins
  8 jackals
  3 quokkas
  A ball python skeleton (D:4)
  3 bats
  4 frilled lizards
  26 kobolds
  A leopard gecko zombie (D:6)
  A quokka skeleton (D:6)
  8 rats
  4 plants
793 creatures vanquished.

Vanquished Creatures (collateral kills)
  Rupert (D:12)
  2 anacondas (Snake:4)
  A salamander mystic (Snake:3)
  2 mana vipers
  An ugly thing (IceCv)
  2 ice statues (IceCv)
  A vampire mosquito (D:12)
  A naga (Snake:3)
  5 ice beasts (IceCv)
  An ogre (D:12)
  A crimson imp (D:12)
18 creatures vanquished.

Vanquished Creatures (others)
  A hydra (Lair:3)
  A cyclops (D:11)
  A centaur zombie (D:11)
  2 spiny frogs
  A yak (D:11)
  3 humans (Snake:1)
  An orc warrior (D:11)
  A bush (Lair:6)
  22 fungi
  36 plants
69 creatures vanquished.

Grand Total: 880 creatures vanquished
